AoeStats
← 玩印度的哥们硬不起来

Arena

509288106Analyzed
4v4 RM · 6d ago on Sep 26, 2026· 37m 14s· 8 players
Game mode
Random Map
Map size
Large (8 player)
Population
200
Speed
Normal
Resources
Standard
Victory
Conquest
Starting age
Dark Age
Ending age
Imperial Age
RankedLock teamsTeams togetherTeam positionsShared explorationLock speedFull tech treeHidden civsTurbo modeCheats
Victory
Defeat
🇲🇽 Hindustanis · Mexico
1662
+9
🇲🇽 Spanish · Mexico
1573
+13
🇲🇽 Malay · Mexico
1484
+16
🇲🇽 Cumans · Mexico
1437
+19
🇻🇳 Britons · Vietnam
1565
-17
🇨🇳 Danes · China
1487
-14
🇫🇷 Cumans · France
1481
-13
1462
-13
今夜月色真好
10:51 Feudal Age
14:45 Castle Age
13:07 Double-Bit Axe
13:03 Horse Collar
14:32 Loom
17:45 Town Watch
Daniel Chassagnez
6:46 Loom
9:03 Feudal Age
10:02 Double-Bit Axe
10:15 Horse Collar
19:51 Castle Age
17:38 Loom
17:53 Gold Mining
18:57 Wheelbarrow
22:03 Hand Cart
22:52 Hand Cart
25:37 Imperial Age
23:43 Bow Saw
23:34 Heavy Plow
24:19 Scale Barding Armor
24:24 Forging
24:17 Town Watch
24:37 Stone Mining
25:22 Gold Shaft Mining
25:27 Gold Shaft Mining
25:27 Chain Barding Armor
26:58 Iron Casting
26:36 Bloodlines
26:18 Cavalier
27:54 Fletching
28:39 Plate Barding Armor
29:21 Conscription
32:21 Two-Man Saw
34:13 Town Patrol
timembh
10:03 Feudal Age
10:15 Loom
13:12 Town Watch
15:11 Fletching
20:04 Castle Age
22:01 Bodkin Arrow
24:52 Double-Bit Axe
24:52 Horse Collar
27:20 Bow Saw
33:13 Ballistics
35:06 Masonry
玩印度的哥们硬不起来
4:09 Loom
11:11 Feudal Age
12:28 Double-Bit Axe
14:49 Castle Age
13:39 Horse Collar
16:01 Wheelbarrow
16:34 Heavy Plow
17:07 Bow Saw
27:56 Imperial Age
25:33 Fletching
26:11 Bodkin Arrow
26:23 Gold Mining
27:54 Elite Skirmisher
29:07 Stone Mining
30:02 Conscription
30:38 Ballistics
30:30 Bracer
30:44 Pikeman
31:29 Scale Mail Armor
32:10 Padded Archer Armor
32:27 Chain Mail Armor
32:05 Halberdier
34:07 Chemistry
33:11 Husbandry
34:11 Hand Cart
35:49 Plate Mail Armor
38:03 Two-Man Saw
Duaaa
11:25 Feudal Age
14:51 Castle Age
12:58 Double-Bit Axe
13:30 Horse Collar
15:57 Bow Saw
18:50 Padded Archer Armor
22:33 Gold Mining
28:07 Wheelbarrow
29:12 Leather Archer Armor
28:48 Loom
29:18 Town Watch
32:57 Bloodlines
37:03 Imperial Age
35:28 Hand Cart
35:28 Loom
38:20 Ring Archer Armor
Code153
9:19 Feudal Age
11:55 Double-Bit Axe
11:53 Horse Collar
22:11 Castle Age
23:09 Wheelbarrow
23:19 Wheelbarrow
23:20 Gold Mining
23:22 Stone Mining
23:43 Bow Saw
24:17 Hand Cart
24:13 Loom
28:17 Imperial Age
25:51 Heavy Plow
26:24 Scale Barding Armor
26:30 Forging
27:52 Gold Shaft Mining
27:56 Chain Barding Armor
28:21 Bloodlines
30:02 Two-Man Saw
29:35 Crop Rotation
29:42 Iron Casting
28:35 Cavalier
30:55 Plate Barding Armor
32:21 Blast Furnace
31:56 Town Watch
33:39 Paladin
34:52 Fletching
36:10 Bodkin Arrow
Sigfridito_aoe
10:26 Feudal Age
11:51 Double-Bit Axe
14:27 Castle Age
12:22 Horse Collar
15:32 Bow Saw
15:45 Scale Barding Armor
21:18 Gold Mining
23:31 Wheelbarrow
26:34 Gold Shaft Mining
27:08 Loom
29:54 Imperial Age
27:33 Heavy Plow
28:33 Hand Cart
29:52 Chain Barding Armor
30:00 Forging
29:42 Town Watch
30:27 Bloodlines
30:18 Husbandry
30:14 Heavy Camel Rider
32:13 Two-Man Saw
33:00 Plate Barding Armor
33:20 Grand Trunk Road
33:58 Iron Casting
34:00 Conscription
33:37 Imperial Camel Rider
35:31 Shatagni
36:14 Masonry
36:26 Ballistics
35:58 Fletching
37:10 Blast Furnace
36:26 Fervor
37:43 Chemistry
37:21 Hoardings
36:39 Stone Mining
37:28 Town Patrol
37:13 Elite Ghulam
Walmart
5:46 Loom
8:30 Feudal Age
9:35 Fletching
12:21 Double-Bit Axe
16:49 Wheelbarrow
17:16 Horse Collar
23:25 Castle Age
23:02 Bodkin Arrow
25:23 Bow Saw
25:34 Heavy Plow
25:26 Gold Mining
27:09 Pikeman
32:09 Forging
37:22 Imperial Age
Connection lost

Rejoining the realm…

Still unreachable

The connection could not be restored.

Session expired

The server has moved on; the page needs a fresh start.